 Dungeon Crawl Stone Soup version 0.31.0-11-ge490571c62 (webtiles) character file.

Game seed: 7272735904955340881

18 dave1331 the Poker (level 2, -4/25 HPs)
             Began as a Minotaur Gladiator on Jan 26, 2024.
             Slain by Terence
             ... wielding a +0 morningstar
              (9 damage)
             ... on level 2 of the Dungeon.
             The game lasted 00:03:16 (794 turns).

dave1331 the Poker (Minotaur Gladiator)              Turns: 794, Time: 00:03:16

Health: -4/25      AC:  9    Str: 15 (18) XL:     2   Next: 48%
Magic:  1/1        EV:  7    Int:  2 (5)  God:
Gold:   103        SH:  0    Dex:  8 (11) Spells: 1/1 levels left

rFire   . . .        a - +0 trident
rCold   . . .        (no shield)
rNeg    . . .        i - +1 chain mail
rPois   .            c - +0 hat
rElec   .            (no cloak)
rCorr   .            (no gloves)
SInv    .            (no boots)
Will    .....        (no amulet) Stlth
                     (no ring)
HPRegen 0.24/turn    (no ring)
MPRegen 0.07/turn

%: no passive effects
@: no status effects
A: horns 2, retaliatory headbutt
a: no special abilities


You were on level 2 of the Dungeon.
You visited 1 branch of the dungeon, and saw 2 of its levels.

You collected 103 gold pieces.

Inventory:

Hand Weapons
 a - a +0 trident (weapon)
Missiles
 d - 3 throwing nets
 e - 5 javelins (quivered)
Armour
 b - a +0 leather armour
 c - a +0 hat (worn)
 i - a +1 chain mail (worn)
Jewellery
 h - a ring of flight
Potions
 f - 2 potions of degeneration
 g - a potion of brilliance {unknown}


   Skills:
 + Level 2.7 Fighting
 + Level 4.0 Polearms
 + Level 2.0 Throwing
 + Level 0.3 Armour
 + Level 3.6 Dodging


You had one spell level left.
You didn't know any spells.
Your spell library contained the following spells:

 Spells                   Type           Power      Damage    Failure   Level
 Tukima's Dance           Hex            0%         N/A       100%        3
 Dimensional Bullseye     Hex/Tloc       0%         N/A       100%        4
 Iskenderun's Mystic Bla  Conj/Tloc      0%         2d3       100%        4


Dungeon Overview and Level Annotations

Branches:
Dungeon (2/15)

Altars:

Annotations:
D:2 Terence


Innate Abilities, Weirdness & Mutations

You have a pair of horns on your head.
You reflexively headbutt those who attack you in melee.


Message History

Terence is heavily wounded.
Terence barely misses you.
You hit Terence but do no damage. Your headbutt misses Terence.
Terence is heavily wounded.
Terence completely misses you. You furiously retaliate!
You headbutt Terence. You hit Terence.
Terence is almost dead.
Terence closely misses you.
You closely miss Terence. Your headbutt misses Terence.
Terence is almost dead.
Terence screams, "I'm going to kill you!"
Terence barely misses you.
You barely miss Terence. Your punch misses Terence.
Terence is almost dead.
Terence hits you but does no damage.
You hit Terence but do no damage.
Terence is almost dead.
Terence hits you with a +0 morningstar. Terence hits you but does no damage.
You barely miss Terence. Your headbutt misses Terence.
Terence is almost dead.
Terence closely misses you.
You barely miss Terence. Your headbutt misses Terence.
Terence is almost dead.
Terence barely misses you.
You hit Terence.
Terence is almost dead.
Terence says, "Rest in peace."
Terence hits you with a +0 morningstar.
You barely miss Terence.
Terence is almost dead.
Terence hits you with a +0 morningstar.
You closely miss Terence. You headbutt Terence, but do no damage.
Terence is almost dead.
Terence hits you with a +0 morningstar.
* * * LOW HITPOINT WARNING * * *
You completely miss Terence.
Terence is almost dead.
Terence hits you with a +0 morningstar!
You die...
Terence says, "Time to find some more victims."

#..######..
#...###.......
#.......#.. #<.##
##.##.## ##.####.#..
...# ##.# #.#
#.#.##... #<# ##.##
#.#.#### #.#
##...###.#.# ..#
#.###.##.#.# ...# #.#
#.†..#.#####... .####
#.###......@@...(....
##...#####.#####..##
##.## #.# #.# #.[ #.#
#### ..# ..# #..#
#..#


You could see Terence.

Vanquished Creatures
  2 ball pythons
  2 bats
  2 giant cockroaches (D:1)
  3 goblins (D:1)
  2 hobgoblins
  A frilled lizard (D:1)
  3 rats
15 creatures vanquished.

Notes
Turn   | Place    | Note
-------+----------+-------------------------------------------
     0 | D:1      | dave1331 the Minotaur Gladiator began the quest for the
                  | Orb.
     0 | D:1      | Reached XP level 1. HP: 18/18 MP: 0/0
   239 | D:1      | Reached XP level 2. HP: 25/25 MP: 1/1
   255 | D:1      | Found a faded altar of an unknown god.
   351 | D:1      | Reached skill level 4 in Polearms
   774 | D:2      | Noticed Terence
   794 | D:2      | Slain by Terence

Illustrated notes

Levels and vault maps discovered:
D:1:      ncdulo_lavacross, layout_rooms, serial_forest,
          infiniplex_forest_zigzag_2, infiniplex_forest_clump_small,
          infiniplex_forest_corner_2, infiniplex_forest_clump_long,
          infiniplex_forest_diagonal, infiniplex_forest_straight_4,
          shapermc_ecumenical_altar_mp_highgroup
D:2:      layout_loops_ring, uniq_terence

Skill      XL: |  1  2 |
---------------+-------+-----
Polearms       | 4 |  4.0
Fighting       | |  2.7
Throwing       | |  2.0
Armour         | |  0.3
Dodging        | |  3.6

Action                     || total
---------------------------++-------
  Melee: Trident           ||    47
         Headbutt          ||     5
  Throw: Javelin           ||     4
    Use: Scroll            ||     2
         Potion            ||     1
 Armour: Leather armour    ||     4
         Chain mail        ||    36
  Dodge: Dodged            ||    23
